Map: 2000 Atmospheres LE

Players

Nice

  • Race: Protoss Protoss

Spirit - Winner!

  • Race: Terran Terran

Event: IEM Katowice 2022

VOD

Have the link to the VOD?

Description

Time

  • Played on: Feb. 23, 2022, 12:15 p.m.
  • Length: 20:16

All games in this series

Show
View Real Time Build Order
Export as new Build Order

Nice Protoss 

Build Orders: 1 Gate Expand, Oracle Opening 

Get SALT Encoding   

  12  0:00  Probe  
  13  0:12  Probe  
  14  0:18  Pylon  
  14  0:24  Probe (Chrono Boost)  
  15  0:37  Probe (Chrono Boost)  
  15  0:41  Gateway  
  16  0:45  Probe (Chrono Boost)  
  17  0:51  Probe  
  17  0:53  Assimilator  
  18  1:03  Probe  
  19  1:15  Probe  
  20  1:29  Cybernetics Core  
  20  1:36  Nexus  
  20  1:45  Pylon  
  20  1:50  Probe, Assimilator  
  21  2:02  Probe, Adept (Chrono Boost)  
  24  2:12  Shield Battery  
  24  2:14  Probe  
  25  2:22  Adept (Chrono Boost)  
  28  2:32  Stargate, Probe  
  27  2:37  Warp Gate  
  27  2:45  Adept (Chrono Boost)  
  27  2:48  Probe  
  27  2:49  Probe  
  31  3:02  Probe  
  32  3:06  Probe  
  32  3:07  Adept  
  35  3:14  Probe  
  35  3:18  Probe  
  37  3:23  Oracle (Chrono Boost)  
  38  3:27  Pylon  
  38  3:37  Probe x2  
  38  3:49  Probe x2  
  38  3:50  Oracle (Chrono Boost)  
  43  3:59  Pylon  
  43  4:01  Probe x2  
  44  4:10  Gateway  
  44  4:11  Gateway  
  44  4:13  Probe x2  
  46  4:19  Oracle (Chrono Boost)  
  49  4:25  Probe  
  49  4:27  Probe  
  51  4:37  Probe  
  52  4:39  Shield Battery, Probe  
  52  4:43  Pylon  
  53  4:48  Assimilator  
  53  4:49  Probe  
  54  4:57  Pylon  
  54  5:00  Nexus, Phoenix (Chrono Boost)  
  54  5:02  Probe x2  
  58  5:18  Adept x3  
  58  5:19  Probe  
  65  5:22  Phoenix (Chrono Boost)  
  65  5:24  Probe  
  65  5:26  Forge  
  68  5:33  Twilight Council, Probe  
  69  5:41  Phoenix (Chrono Boost)  
  61  5:45  Probe  
  61  5:46  Probe  
  61  5:47  Adept  
  61  6:00  Phoenix (Chrono Boost)  
  59  6:08  Adept x2  
  62  6:13  Probe x2  
  61  6:24  Phoenix (Chrono Boost)  
  61  6:25  Probe x3  
  64  6:37  Probe (Chrono Boost)  
  64  6:38  Probe (Chrono Boost)  
  65  6:40  Phoenix  
  65  6:41  Protoss Ground Weapons Level 1 (Chrono Boost)  
  65  6:42  Probe (Chrono Boost)  
  66  6:47  Charge  
  66  6:48  Probe x2 (Chrono Boost)  
  66  6:51  Probe (Chrono Boost)  
  66  6:53  Probe x2 (Chrono Boost)  
  70  7:01  Probe  
  70  7:04  Probe  
  70  7:05  Probe  
  69  7:16  Phoenix  
  69  7:17  Probe x2  
  69  7:18  Probe  
  69  7:21  Gateway  
  74  7:23  Gateway  
  74  7:24  Gateway  
  74  7:29  Shield Battery, Probe  
  75  7:30  Gateway  
  75  7:37  Gateway  
  75  7:38  Probe  
  75  7:39  Probe  
  75  7:41  Phoenix  
  79  7:49  Probe  
  79  7:50  Probe  
  81  7:52  Pylon  
  81  7:56  Nexus  
  81  7:58  Pylon  
  81  7:59  Probe  
  81  8:01  Probe  
  81  8:03  Probe  
  84  8:11  Gateway, Probe  
  85  8:13  Probe  
  85  8:15  Probe  
  85  8:18  Phoenix  
  89  8:23  Zealot x3, Probe  
  89  8:25  Probe  
  97  8:27  Probe  
  98  8:40  Probe  
  96  8:43  Phoenix  
  96  8:52  Zealot x2  
  100  8:57  Pylon x2  
  100  8:58  Pylon  
  100  8:59  Protoss Ground Armor Level 1 (Chrono Boost)  
  100  9:04  Probe  
  100  9:06  Probe  
  100  9:08  Probe, Phoenix (Chrono Boost)  
  100  9:09  Forge, Nexus  
  99  9:11  Pylon  
  99  9:16  Photon Cannon x2  
  99  9:18  Probe x2  
  101  9:26  Photon Cannon  
  101  9:29  Probe x2  
  101  9:30  Probe x2  
  97  9:31  Phoenix (Chrono Boost)  
  99  9:42  Zealot x5  
  109  9:48  Phoenix  
  109  9:52  Probe x4, Protoss Ground Weapons Level 2 (Chrono Boost)  
  114  9:54  Zealot x2  
  105  10:04  Probe x4  
  109  10:08  Photon Cannon  
  109  10:13  Robotics Facility  
  109  10:16  Probe x3, Assimilator  
  113  10:23  Assimilator  
  113  10:25  Pylon, Assimilator  
  113  10:28  Templar Archives  
  114  10:30  Zealot x3  
  115  10:36  Probe x2  
  115  10:37  Probe x2  
  115  10:41  Zealot  
  120  10:43  Zealot x2  
  120  10:48  Probe  
  120  10:49  Probe x3  
  105  11:00  Phoenix  
  105  11:01  Observer  
  104  11:04  Zealot x7  
  104  11:09  Zealot x2  
  104  11:10  Probe x2  
  104  11:11  Probe  
  121  11:25  Zealot x7  
  127  11:39  Phoenix  
  112  11:42  Zealot x2  
  112  11:43  Probe x2  
  112  11:44  Probe  
  105  11:48  Probe, Observer  
  97  11:57  Zealot  
  97  11:58  Zealot x6  
  97  11:59  Probe x2  
  97  12:00  Probe x2  
  109  12:03  Observer  
  109  12:04  Phoenix (Chrono Boost)  
  103  12:11  Probe x2  
  103  12:16  Probe x2  
  103  12:20  Warp Prism (Chrono Boost)  
  103  12:22  Phoenix (Chrono Boost)  
  101  12:33  Protoss Ground Weapons Level 3 (Chrono Boost), Zealot x9  
  117  12:39  Observer  
  117  12:43  Phoenix  
  101  12:56  Probe  
  92  13:01  Probe x3  
  92  13:02  Nexus  
  92  13:03  Protoss Ground Armor Level 2 (Chrono Boost)  
  92  13:04  High Templar x2  
  92  13:05  Zealot x6  
  105  13:08  Probe  
  105  13:09  Archon  
  108  13:14  Immortal (Chrono Boost)  
  112  13:20  Blink (Chrono Boost)  
  106  13:27  Zealot  
  106  13:28  Zealot x4  
  108  13:38  Zealot x3  
  108  13:39  Zealot  
  106  13:42  Probe  
  106  13:43  Probe x2  
  106  13:47  Zealot  
  112  13:49  Zealot x4  
  112  13:50  Probe  
  112  13:55  Probe x3  
  113  13:58  Immortal  
  113  14:02  High Templar x2  
  119  14:04  Pylon  
  119  14:07  Archon  
  119  14:10  Zealot x6  
  119  14:15  Pylon  
  113  14:31  Stalker  
  113  14:32  Stalker x4  
  113  14:33  Probe x2  
  113  14:34  Probe x2  
  127  14:38  Phoenix (Chrono Boost)  
  127  14:44  Zealot  
  131  14:50  Probe x2  
  131  14:51  Probe x2  
  134  14:53  Photon Cannon  
  134  14:56  Pylon, Shield Battery  
  134  14:59  Zealot x2  
  134  15:06  Pylon  
  134  15:07  Phoenix  
  134  15:13  Zealot x3  
  142  15:19  Zealot  
  121  15:30  High Templar x2  
  121  15:32  Phoenix (Chrono Boost)  
  121  15:34  Archon  
  127  15:40  Zealot x6  
  118  15:53  Phoenix (Chrono Boost)  
  116  16:02  Zealot x5  
  100  16:12  Phoenix  
  97  16:36  Phoenix (Chrono Boost)  
  97  16:39  Zealot x2  
  99  16:40  Zealot  
  99  16:43  Probe x4  
  105  16:52  Phoenix (Chrono Boost)  
  103  16:55  Probe  
  102  17:02  Observer  
  103  17:10  Zealot x3  
  103  17:11  Probe  
  103  17:13  Probe  
  111  17:17  Phoenix  
  111  17:20  Probe  
  115  17:23  Probe  
  115  17:35  Pylon  
  115  17:36  Pylon  
  94  18:06  Zealot x3  
  68  18:53  Observer  
  62  19:09  Pylon  
  62  19:22  Observer  
  57  19:41  Pylon  
  57  19:42  Pylon  
  57  19:44  Pylon  
  51  20:02  Probe  
Show
View Real Time Build Order
Export as new Build Order

Spirit Terran - Winner!

Build Orders:  

Get SALT Encoding   

  12  0:00  SCV  
  13  0:12  SCV  
  14  0:17  Supply Depot  
  14  0:24  SCV  
  15  0:38  SCV  
  15  0:40  Barracks  
  16  0:45  Refinery  
  16  0:50  SCV  
  17  1:03  SCV  
  18  1:15  SCV  
  19  1:32  Marine  
  19  1:33  Orbital Command  
  20  1:43  Command Center  
  20  1:51  Reaper  
  21  1:54  Supply Depot  
  21  1:59  SCV  
  22  2:09  Factory  
  22  2:12  SCV  
  23  2:21  Bunker  
  23  2:22  Marine  
  23  2:24  SCV  
  25  2:36  SCV  
  26  2:40  Refinery  
  26  2:43  Barracks Reactor  
  26  2:49  SCV  
  27  2:54  Hellion  
  29  3:01  SCV  
  29  3:02  Orbital Command  
  29  3:04  Starport  
  29  3:13  SCV  
  29  3:15  Widow Mine  
  29  3:19  Marine x2  
  34  3:25  SCV  
  35  3:28  SCV  
  35  3:37  SCV, Marine x2  
  35  3:40  Widow Mine  
  35  3:41  SCV  
  41  3:44  Viking  
  41  3:49  SCV  
  41  3:51  Supply Depot  
  41  3:53  SCV  
  41  3:54  Marine  
  44  4:00  Marine  
  44  4:01  SCV  
  44  4:02  Supply Depot  
  46  4:03  Factory Tech Lab  
  46  4:08  SCV  
  46  4:13  SCV  
  46  4:14  Medivac  
  49  4:20  SCV  
  50  4:25  SCV  
  50  4:26  Command Center  
  50  4:29  Cyclone  
  53  4:36  SCV  
  54  4:40  Supply Depot, SCV  
  55  4:46  Barracks  
  55  4:48  SCV  
  55  4:52  SCV, Marine x2  
  57  4:57  Barracks  
  59  5:00  SCV  
  59  5:01  Siege Tank  
  59  5:04  Supply Depot, SCV  
  64  5:08  Supply Depot  
  64  5:12  SCV, Refinery  
  65  5:14  Starport Tech Lab  
  65  5:15  Refinery  
  65  5:16  SCV, Marine x2  
  68  5:24  SCV  
  68  5:26  Engineering Bay  
  68  5:28  SCV  
  70  5:31  Engineering Bay  
  70  5:33  Supply Depot  
  70  5:36  SCV  
  70  5:39  Siege Tank  
  70  5:42  Starport Reactor  
  74  5:46  Marine x2  
  74  5:49  Marine x2  
  76  5:51  SCV  
  58  6:04  Marine x2  
  58  6:06  SCV, Marine x2  
  58  6:09  SCV  
  58  6:13  Cyclone  
  58  6:17  SCV  
  53  6:22  Marine x2  
  53  6:23  SCV  
  53  6:24  Marine  
  55  6:26  Marine  
  54  6:35  SCV  
  54  6:38  Stimpack  
  54  6:39  Marine  
  56  6:40  SCV, Marine  
  62  6:49  Orbital Command, Marine  
  59  6:56  SCV  
  59  6:57  SCV  
  59  6:58  Combat Shield  
  59  6:59  Factory Reactor  
  59  7:00  Terran Infantry Weapons Level 1  
  60  7:05  Supply Depot x2, Missile Turret  
  60  7:06  Marine  
  60  7:07  Marauder  
  61  7:09  SCV  
  61  7:10  Marine, Marauder  
  61  7:14  SCV x2  
  64  7:21  SCV  
  65  7:24  Marine  
  65  7:26  SCV x2  
  65  7:27  Medivac  
  70  7:33  Supply Depot, SCV, Marine  
  70  7:35  Marine, Marauder  
  70  7:36  Orbital Command  
  70  7:37  Medivac  
  77  7:38  SCV  
  77  7:39  Widow Mine  
  77  7:42  Marine  
  81  7:46  Missile Turret  
  81  7:48  SCV  
  81  7:49  Armory  
  81  7:51  Widow Mine  
  84  7:53  SCV  
  85  8:00  Widow Mine, SCV  
  85  8:05  SCV  
  86  8:06  SCV  
  86  8:10  Medivac  
  86  8:12  Widow Mine, SCV  
  92  8:16  Barracks  
  92  8:19  SCV  
  93  8:20  SCV  
  93  8:21  Barracks  
  93  8:22  Widow Mine, Missile Turret, Medivac  
  93  8:26  SCV  
  99  8:27  Marine  
  99  8:29  Marine  
  99  8:34  Widow Mine  
  99  8:38  SCV, Marine x2  
  99  8:40  Medivac  
  93  8:41  SCV x2  
  93  8:45  Marine  
  96  8:50  SCV  
  96  8:53  SCV x2  
  96  8:54  Medivac  
  96  8:55  Widow Mine  
  102  8:56  Marauder  
  102  9:01  Marauder  
  102  9:02  SCV  
  107  9:05  SCV x2  
  107  9:09  Bunker  
  109  9:10  Widow Mine  
  109  9:11  Bunker  
  109  9:12  Marine  
  109  9:13  Bunker  
  109  9:15  SCV  
  113  9:17  SCV  
  113  9:20  Widow Mine  
  113  9:21  SCV  
  117  9:24  Marine  
  117  9:27  Marine, Medivac  
  117  9:28  SCV  
  121  9:31  SCV  
  121  9:32  Widow Mine, Marine  
  121  9:33  Marauder  
  121  9:36  Terran Infantry Weapons Level 2  
  126  9:40  Medivac  
  126  9:42  Marine  
  126  9:45  Widow Mine, Marine  
  132  9:49  Marine  
  129  9:54  SCV  
  129  9:55  Marauder, Ghost Academy  
  129  9:56  Refinery  
  129  9:57  Refinery  
  128  10:00  Marine  
  128  10:01  Widow Mine  
  128  10:03  Marauder  
  128  10:06  SCV x2  
  130  10:07  SCV  
  130  10:09  Marine  
  130  10:10  Barracks Reactor  
  132  10:18  SCV  
  132  10:19  Supply Depot  
  133  10:22  Supply Depot  
  133  10:39  Marauder  
  133  10:40  Marine  
  133  10:41  Widow Mine, Marauder, Marine  
  139  10:44  Marine, Command Center  
  140  10:50  Marine  
  140  10:52  Marine  
  129  10:58  Marine  
  129  11:00  Ghost  
  129  11:01  Marine  
  129  11:02  Marauder  
  126  11:04  Widow Mine x2, Marine  
  126  11:08  Marine  
  126  11:09  Medivac  
  126  11:10  Marine  
  117  11:16  Marine  
  116  11:19  Marine  
  116  11:22  Marine  
  116  11:23  Ghost  
  116  11:25  Widow Mine x2, SCV, Marine  
  121  11:28  Ghost, Marine  
  117  11:34  Marine  
  117  11:36  Marine  
  117  11:39  Marine, Medivac x2  
  115  11:43  Marine  
  115  11:45  Marine  
  107  11:47  Widow Mine x2  
  107  11:51  Marine  
  107  11:52  Marauder  
  99  11:54  Marine  
  99  11:57  Marine  
  99  11:58  Marauder  
  83  12:01  Marine  
  83  12:03  Marine  
  84  12:08  Widow Mine x2  
  84  12:09  Marine  
  84  12:12  Marine  
  84  12:13  Marauder  
  84  12:15  Marine  
  85  12:18  Marine  
  85  12:19  Marine  
  85  12:20  Medivac  
  85  12:21  Marine  
  86  12:27  Marine  
  87  12:30  Widow Mine x2, Marine  
  87  12:32  Medivac  
  87  12:33  Marine  
  87  12:34  Marine  
  87  12:36  Marine  
  87  12:37  Marine  
  93  12:39  Marine  
  95  12:45  Marine  
  95  12:48  Marine  
  95  12:51  Widow Mine x2, Marine  
  98  12:52  Marine  
  98  12:54  Marine x2, Medivac  
  98  12:56  SCV  
  98  12:57  Marine  
  96  13:02  Medivac  
  96  13:03  Marine  
  95  13:06  Marine  
  95  13:09  Marine  
  95  13:10  SCV, Marine  
  95  13:12  Widow Mine x2, Marine x2  
  104  13:13  SCV x2  
  104  13:14  Marine  
  108  13:20  Marine  
  108  13:23  SCV, Marine  
  108  13:26  Marine  
  112  13:28  Marauder  
  112  13:30  Marine x2, Medivac  
  112  13:32  Marine  
  119  13:38  Marine  
  96  13:41  Marine  
  96  13:42  Medivac  
  96  13:44  Marine  
  96  13:48  SCV x2, Marine, Marauder  
  100  13:50  Marauder, Marine  
  104  13:56  Marine  
  104  13:59  Marine  
  104  14:00  Medivac  
  104  14:02  Marine  
  105  14:03  Widow Mine  
  105  14:06  Marine  
  105  14:08  Marine  
  105  14:09  Marauder  
  110  14:10  Ghost  
  110  14:14  Marine  
  110  14:15  Orbital Command  
  109  14:19  Marine  
  109  14:20  Marine  
  109  14:24  Marine  
  103  14:26  Marine  
  103  14:31  Marauder  
  106  14:32  Marine  
  106  14:37  Marine  
  106  14:38  Marine  
  105  14:46  Medivac  
  105  14:47  Marine x2  
  105  14:50  Marine  
  110  14:53  Marauder  
  110  14:54  Marine  
  110  14:56  Medivac  
  113  15:03  Marine  
  112  15:09  Marine, Marauder  
  113  15:16  Marine, Medivac, Marauder  
  114  15:23  Marine  
  114  15:24  Marine  
  114  15:26  Medivac  
  115  15:32  Marine  
  115  15:33  Marauder  
  122  15:35  Widow Mine  
  122  15:36  Widow Mine  
  122  15:37  Marine  
  122  15:41  Marine  
  122  15:42  Marauder  
  119  15:45  Marine  
  119  15:46  Marine, Medivac  
  118  15:50  Marine  
  118  15:54  Marauder  
  118  15:55  Marine  
  118  15:56  Medivac  
  114  15:59  Marine  
  114  16:03  Marine, Marauder  
  114  16:04  Marine  
  113  16:12  Marine  
  113  16:15  Marine  
  113  16:16  Medivac  
  113  16:17  Marine  
  117  16:23  Marine, Marauder  
  116  16:25  Medivac  
  116  16:26  Widow Mine x2  
  116  16:29  Marine  
  120  16:35  Marine  
  113  16:46  Medivac  
  108  16:55  Medivac  
  108  16:58  Marine  
  111  17:03  Missile Turret  
  104  17:11  Ghost  
  104  17:14  Ghost  
  104  17:16  Medivac  
  104  17:18  Widow Mine  
  104  17:21  Widow Mine  
  103  17:25  Medivac  
  103  17:28  Marine  
  103  17:31  Marine  
  103  17:32  Marine  
  103  17:34  Marine  
  103  17:40  Widow Mine  
  103  17:41  Marauder  
  103  17:42  Widow Mine  
  103  17:43  Ghost  
  111  17:46  Medivac  
  111  17:48  Marine  
  111  17:50  Marine  
  112  17:54  Marine  
  111  18:02  Marauder  
  95  19:01  Orbital Command  
  85  19:06  Marine  
  78  19:34  Widow Mine  
  78  19:43  Orbital Command  

Tags
 
Add a new tag
Caveats
  • Supply blocks, unpowered buildings, or Contaminate may cause inaccurate times.
  • Supply counts are checked every 10 seconds.